 Dungeon Crawl Stone Soup version 0.27-a0-1184-ge86db4a01e (webtiles) character file.

Game seed: 4835116809618647521

1407 roflturtle the Gusty (level 8, -2/63 HPs)
             Began as a Demigod Air Elementalist on May 19, 2021.
             Slain by an unseen horror (8 damage)
             ... on level 7 of the Dungeon.
             The game lasted 00:21:23 (7950 turns).

roflturtle the Gusty (Demigod Air Elementalist)     Turns: 7950, Time: 00:21:23

Health: -2/63      AC:  3    Str:  9    XL:     8   Next: 19%
Magic:  2/16       EV: 13    Int: 25    God:
Gold:   245        SH:  0    Dex: 14    Spells: 3/13 levels left

rFire    . . .     SeeInvis .   k - staff of conjuration
rCold    . . .     Faith    .   (no shield)
rNeg     . . .     Spirit   .   a - +0 robe
rPois    .         Reflect  .   (no helmet)
rElec    .         Harm     .   b - +0 cloak
rCorr    .         Rampage  .   (no gloves)
Will     .....                  (no boots)
Stlth    +++.......             l - amulet of the acrobat
HPRegen  0.20/turn              (no ring)
MPRegen  0.15/turn              (no ring)

@: very slightly contaminated
A: high mp 1, forlorn
a: no special abilities


You were on level 7 of the Dungeon.
You visited 1 branch of the dungeon, and saw 7 of its levels.

You collected 245 gold pieces.

Inventory:

Hand Weapons
 o - a +4 hand axe
 p - a +2 dagger of flaming
 t - the +0 dagger of Discord {drain, rPois rC+ Int+3}
   (You found it on level 5 of the Dungeon)

   A truly terrible weapon, it drains the life of those it strikes.
   It affects your intelligence (+3).
   It protects you from cold.
   It protects you from poison.
 z - a +2 short sword of protection
Armour
 a - a +0 robe (worn)
 b - a +0 cloak (worn)
 x - a +3 ring mail
Magical Staves
 k - a staff of conjuration (weapon)
Jewellery
 l - an amulet of the acrobat (around neck)
Wands
 v - a wand of digging (4)
 A - a wand of acid (12)
Scrolls
 d - 4 scrolls of identify {unknown}
 m - 2 scrolls of fog {unknown}
 n - a scroll of enchant armour {unknown}
 r - 2 scrolls of immolation {unknown}
 u - a scroll of teleportation {unknown}
 y - a scroll of blinking {unknown}
Potions
 c - a potion of magic {unknown}
 e - 3 potions of curing
 f - a potion of degeneration {unknown}
 g - a potion of heal wounds {unknown}
 h - 2 potions of attraction {unknown}
 i - a potion of resistance {unknown}
 j - a potion of mutation {unknown}
 q - a potion of brilliance {unknown}
 s - 3 potions of lignification
 w - 2 potions of might {unknown}


   Skills:
 - Level 3.0 Fighting
 - Level 3.0 Dodging
 - Level 4.1 Stealth
 - Level 3.3 Spellcasting
 - Level 4.0 Conjurations
 + Level 6.3 Air Magic


You had 3 spell levels left.
You knew the following spells:

 Your Spells              Type           Power      Damage    Failure   Level
a - Shock                 Conj/Air       100%       1d9       1%          1
b - Static Discharge      Conj/Air       45%        N/A       1%          2
c - Swiftness             Air            36%        N/A       2%          3
d - Airstrike             Air            18%        N/A       7%          4

Your spell library contained the following spells:

 Spells                   Type           Power      Damage    Failure   Level
 Lightning Bolt           Conj/Air       22%        1d38      32%         5


Dungeon Overview and Level Annotations

Branches:
Dungeon (7/15)             Temple (0/1) D:4


Innate Abilities, Weirdness & Mutations

Your attributes grow dramatically as you level up.
You have an increased reservoir of magic. (+10% MP)
You shall have no god before yourself.


Message History

Something hits you! Something hits you but does no damage.
Casting: Shock (safe; 1% risk of failure)
Confirm with . or Enter, or press ? or * to list all spells.
Aiming: Shock (safe; 1% risk of failure)
Press: ? - help, Shift-Dir - straight line You feel a surge of power!
The zap hits something but does no damage.
The zap hits something.
Something hits you. Something hits you but does no damage.
Casting: Shock (safe; 1% risk of failure)
Confirm with . or Enter, or press ? or * to list all spells.
Aiming: Airstrike (dangerous; 7% risk of failure)
Press: ? - help, Dir - move target The air twists around and strikes something!
Something hits you!
Casting: Airstrike (dangerous; 7% risk of failure)
Confirm with . or Enter, or press ? or * to list all spells.
Aiming: Airstrike (dangerous; 7% risk of failure)
Press: ? - help, Dir - move target The air twists around and strikes something!
Something completely misses you. Something hits you.
Casting: Airstrike (dangerous; 7% risk of failure)
Confirm with . or Enter, or press ? or * to list all spells.
You can't see any susceptible monsters within range! (Use Z to cast anyway.)
Casting: Airstrike (dangerous; 7% risk of failure)
Confirm with . or Enter, or press ? or * to list all spells.
Aiming: Shock (safe; 1% risk of failure)
Press: ? - help, Shift-Dir - straight line You feel a surge of power!
Something hits you.
* * * LOW HITPOINT WARNING * * *
Something hits you!
* * * LOW HITPOINT WARNING * * *
Casting: Shock (safe; 1% risk of failure)
Confirm with . or Enter, or press ? or * to list all spells.
Aiming: Shock (safe; 1% risk of failure)
Press: ? - help, Shift-Dir - straight line You feel a surge of power!
The zap hits something.
Something hits you.
* * * LOW HITPOINT WARNING * * *
Something hits you!
You die...

##############
#.)..........#
......##########@#
###.# #.# # #<#
#.# #.# #.# #.#
..# ### .##


There were no monsters in sight!

Vanquished Creatures
  An ice beast (D:6)
  2 black bears (D:5)
  A centaur (D:5)
  An ogre (D:6)
  A phantom (D:4)
  2 kobold brigands (D:6)
  A scorpion (D:5)
  A wight (D:7)
  2 bullfrog zombies (D:5)
  A bullfrog skeleton (D:6)
  5 hounds
  A jelly (D:5)
  Jessica (D:3)
  3 iguanas
  A scorpion zombie (D:5)
  2 hound skeletons (D:5)
  5 adders
  7 gnolls
  A shadow imp (D:6)
  2 ufetubi
  An adder skeleton (D:5)
  2 worms
  An orc (D:3)
  6 endoplasms
  3 giant cockroaches
  8 goblins
  3 hobgoblins
  6 jackals
  14 kobolds
  2 quokkas
  8 ball pythons
  4 bats
  3 frilled lizards
  4 rats
106 creatures vanquished.

Notes
Turn   | Place    | Note
-------+----------+-------------------------------------------
     0 | D:1      | roflturtle the Demigod Air Elementalist began the quest for
                  | the Orb.
     0 | D:1      | Reached XP level 1. HP: 14/14 MP: 5/5
    22 | D:1      | Reached skill level 1 in Conjurations
   172 | D:1      | Reached skill level 3 in Air Magic
   414 | D:1      | Reached XP level 2. HP: 20/20 MP: 7/7
   417 | D:1      | Learned a level 2 spell: Static Discharge
  1699 | D:1      | Reached XP level 3. HP: 6/26 MP: 0/8
  2625 | D:2      | Reached XP level 4. HP: 33/33 MP: 3/9
  2629 | D:2      | Learned a level 3 spell: Swiftness
  3091 | D:3      | Noticed Jessica
  3096 | D:3      | Killed Jessica
  3463 | D:3      | Reached skill level 4 in Air Magic
  3678 | D:3      | Reached XP level 5. HP: 38/38 MP: 7/11
  4393 | D:4      | Learned a level 4 spell: Airstrike
  4557 | D:4      | Reached skill level 1 in Fighting
  4755 | D:4      | Found a staircase to the Ecumenical Temple.
  4956 | D:5      | Entered Level 5 of the Dungeon
  4965 | D:5      | Reached XP level 6. HP: 42/47 MP: 5/14
  5158 | D:5      | Identified the +0 dagger of Discord {drain, rPois rC+
                  | Int+3}
  5251 | D:5      | Reached skill level 5 in Air Magic
  5251 | D:5      | Reached XP level 7. HP: 32/57 MP: 2/15
  6695 | D:6      | HP: 4/85 [kobold brigand/+2 short sword of protection (5)]
  7096 | D:6      | Reached skill level 6 in Air Magic
  7402 | D:6      | Reached XP level 8. HP: 63/63 MP: 7/16
  7771 | D:6      | Noticed a kobold demonologist
  7777 | D:6      | Noticed a kobold demonologist
  7950 | D:7      | Slain by an unseen horror

Illustrated notes

Levels and vault maps discovered:
D:1:      co_arrival_square_in_a_square_in_a_square, layout_loops_corners,
          shapermc_ecumenical_altar_mp_urbaneastern, minmay_tetromino_t4
D:2:      layout_loops_ring
D:3:      layout_basic, hangedman_ru_absence, nicolae_wu_jian_wuxing_cycle,
          old_standard_altar, overflow_temple_1_default, uniq_jessica
D:4:      layout_gridville, minmay_temple_entry_crystal_x
D:5:      layout_cave_pools, general_overflow_altar, minivault_26,
          chequers_serial_rivers_small_a
D:6:      layout_layer_cave, nicolae_overflow_crystal_walls
D:7:      layout_loops_ring, item_on_display_a

Skill      XL: |  1  2  3  4  5  6  7  8 |
---------------+-------------------------+-----
Conjurations   | 1 2 3 4 |  4.0
Air Magic      | 3 4 5 6 |  6.3
Spellcasting   | 2 3 |  3.3
Dodging        | 2 3 |  3.0
Stealth        | 2 4 |  4.1
Fighting       | 1 3 |  3.0

Action                   |  1- 3 |  4- 6 |  7- 9 || total
-------------------------+-------+-------+-------++-------
Melee: Dagger            |     8 |       |       ||     8
       Unarmed           |     1 |       |       ||     1
       Staff             |    11 |    12 |    18 ||    41
 Cast: Shock             |    81 |   106 |    39 ||   226
       Static Discharge  |     2 |     2 |     2 ||     6
       Airstrike         |       |       |    33 ||    33
  Use: Potion            |       |       |     2 ||     2
 Stab: Sleeping          |     3 |       |       ||     3
Armor: Robe              |     9 |     4 |     8 ||    21
       Skin              |       |       |    11 ||    11
Dodge: Dodged            |    27 |    30 |    16 ||    73

Table legend: (Time is in decaauts)
 A = Elapsed time spent in this place.
 B = Non-inter-level travel time spent in this place.
 C = Inter-level travel time spent in this place.
 D = Time resting spent in this place.
 E = Time spent auto-exploring this place.
 F = Levels seen in this place.
 G = Mean time per level.
                   A        B        C        D        E       F      G
               +--------+--------+--------+--------+--------+-----+--------+
         Total |   7969 |   7877 |     92 |   1234 |   5849 |   7 | 1138.4 |
       Dungeon |   7969 |   7877 |     92 |   1234 |   5849 |   7 | 1138.4 |
               +--------+--------+--------+--------+--------+-----+--------+

Top non-repeatable levels by time:
     D:6: 1753 daAuts
     D:1: 1733 daAuts
     D:2: 1261 daAuts
     D:5: 1136 daAuts
     D:3: 1070 daAuts
     D:4: 978 daAuts
     D:7: 35 daAuts
